 Dungeon Crawl Stone Soup version 0.31.0-12-g77e489cdc1 (webtiles) character file.

Game seed: 10902738386181487156

250 Baz the Slasher (level 5, -2/105 HPs)
             Began as a Minotaur Chaos Knight on Feb 26, 2024.
             Was a Plaything of Xom.
             Slain by a gnoll
             ... wielding a +0 halberd
              (3 damage)
             ... on level 4 of the Dungeon.
             The game lasted 00:04:36 (2608 turns).

Baz the Slasher (Minotaur Chaos Knight)             Turns: 2608, Time: 00:04:37

Health: -2/105     AC: 22    Str: 18    XL:     5   Next: 88%
Magic:  4/4        EV:  2    Int:  9    God:    Xom [..*...]
Gold:   116        SH:  0    Dex: 10    Spells: 4/4 levels left

rFire   . . .        a - +0 falchion (chaos)
rCold   . . .        t - orb {mayhem}
rNeg    . . .        f - melded +0 chain mail
rPois   +            (helmet currently unavailable)
rElec   .            n - melded +0 cloak
rCorr   +            (gloves currently unavailable)
SInv    .            (boots currently unavailable)
Will    .....        (no amulet) Stlth
                     m - ring of resist corrosion
HPRegen 0.37/turn    (no ring)
MPRegen 0.09/turn

%: mayhem
@: berserking (expiring), tree-form, very quick
A: stationary, stasis, torment immunity, boosted hp, (horns 2), (retaliatory
headbutt)
a: Renounce Religion


You were on level 4 of the Dungeon.
You worshipped Xom.
You were a toy of Xom.
You were a tree.
You visited 1 branch of the dungeon, and saw 4 of its levels.

You collected 116 gold pieces.

Inventory:

Hand Weapons
 a - a +0 falchion of chaos (weapon)
Missiles
 q - 2 silver javelins (quivered)
Armour
 b - a +2 leather armour
 f - a +0 chain mail (melded)
 n - a +0 cloak (melded)
 t - an orb of mayhem (worn)
Jewellery
 l - a ring of wizardry
 m - a ring of resist corrosion (left branch)
Scrolls
 c - 2 scrolls of butterflies
 d - 2 scrolls of fear {unknown}
 h - a scroll of poison {unknown}
 o - 3 scrolls of identify {unknown}
 p - a scroll of teleportation {unknown}
 r - a scroll of enchant weapon {unknown}
Potions
 g - a potion of lignification
 i - a potion of cancellation {unknown}
 k - 2 potions of haste {unknown}
 s - a potion of brilliance {unknown}
 u - a potion of enlightenment {unknown}


   Skills:
 + Level 4.8 Fighting
 * Level 5.8 Long Blades
 + Level 3.9 Armour
 + Level 2.8 Dodging


You had 4 spell levels left.
You didn't know any spells.
Your spell library contained the following spells:

 Spells                   Type           Power      Damage    Failure   Level
 Blink                    Tloc           0%         N/A       52%         2
 Lesser Beckoning         Tloc           0%         N/A       52%         2
 Momentum Strike          Conj/Tloc      0%         3d8       52%         2
 Static Discharge         Conj/Air       0%         3-3/arc   52%         2
 Airstrike                Air            0%         2d(0-16)  99%         4
 Manifold Assault         Tloc           0%         N/A       99%         4
 Summon Lightning Spire   Summ/Air       0%         N/A       99%         4
 Dispersal                Tloc           0%         N/A       100%        6
 Disjunction              Tloc           0%         N/A       100%        8


Dungeon Overview and Level Annotations

Branches:
Dungeon (4/15)
 Temple: D:4-7

Altars:
Hepliaklqana
Qazlal
Sif Muna
Yredelemnul

Shops:
D:3 (

Annotations:
D:4 1 runed translucent door, dertzug's ghost, amateur AtFi


Innate Abilities, Weirdness & Mutations

You are a tree.
Your roots penetrate the ground, keeping you stationary.
You cannot be teleported.
You are immune to unholy pain and torment.
Your maximum health is greatly increased.
Your equipment is partially melded.
((You have a pair of horns on your head.))
((You reflexively headbutt those who attack you in melee.))


Message History

Unknown command.
You hit the dart slug. You burn the dart slug.
The dart slug is heavily wounded.
The gnoll barely misses you. The gnoll hits you with a +0 flail.
* * * LOW HITPOINT WARNING * * *
Unknown command.
You slash the dart slug! You burn the dart slug.
You kill the dart slug!
The gnoll flies into a frenzy!
Xom thinks this is hilarious!
The gnoll misses the gnoll.
The gnoll hits you with a +0 flail.
* * * LOW HITPOINT WARNING * * *
The gnoll hits the gnoll with a +0 halberd!
The gnoll hits the gnoll with a +0 halberd!!
The gnoll dies!
The gnoll shouts!
It was a potion of lignification.
You turn into a tree.
Your +0 cloak melds into your body.
Your +0 chain mail melds into your body.
Your roots penetrate the ground.
The gnoll hits you but does no damage.
The gnoll hits you from afar with a +0 halberd.
* * * LOW HITPOINT WARNING * * *
You aren't carrying any items that you can evoke.
It was a potion of curing.
You feel better.
The gnoll hits you from afar with a +0 halberd.
* * * LOW HITPOINT WARNING * * *
It was a potion of berserk rage.
A red film seems to cover your vision as you go berserk!
You feel yourself moving faster!
You feel mighty! The gnoll hits you but does no damage.
The gnoll hits you from afar with a +0 halberd!
* * * LOW HITPOINT WARNING * * *
Unknown command.
You cannot move.
You cannot move.
You feel a strong urge to attack something.
The gnoll hits you from afar with a +0 halberd!
* * * LOW HITPOINT WARNING * * *
The gnoll hits you from afar with a +0 halberd.
You die...

## #. ##### .
....# ###### .#
....#
#....#######.#
....#
#.........)).#.###
....#
#.......♣.g.......
....#
#.....######)...##
....#####....##
......
....#........#
##...
..<..........# ..
.###..##.....#.. .
).###..#.........
#.##...........#..
........#.....##


You could see a neutral gnoll (fast, strong, frenzied).

Vanquished Creatures
  A phantom (D:4)
  5 adders
  2 gnolls (D:4)
  2 adder zombies (D:3)
  6 dart slugs
  3 endoplasms (D:1)
  6 giant cockroaches
  6 hobgoblins
  6 jackals
  3 quokkas
  5 ball pythons
  3 bats
  4 frilled lizards
  9 goblins
  12 kobolds
  5 rats
78 creatures vanquished.

Vanquished Creatures (collateral kills)
  A gnoll (D:4)
  A giant cockroach (D:4)
2 creatures vanquished.

Grand Total: 80 creatures vanquished

Notes
Turn   | Place    | Note
-------+----------+-------------------------------------------
     0 | D:1      | Baz the Minotaur Chaos Knight began the quest for the Orb.
     0 | D:1      | Reached XP level 1. HP: 19/19 MP: 0/0
    40 | D:1      | XOM: silly message
   136 | D:1      | Reached skill level 4 in Long Blades
   136 | D:1      | Reached XP level 2. HP: 27/27 MP: 1/1
   335 | D:1      | XOM: silly message
   373 | D:1      | Found a faded altar of an unknown god.
   417 | D:1      | Reached XP level 3. HP: 23/33 MP: 2/2
  1085 | D:2      | XOM: cloud trail
  1202 | D:2      | Found a shimmering blue altar of Sif Muna.
  1245 | D:2      | XOM: 5-stop teleportation journey
  1288 | D:2      | Reached XP level 4. HP: 40/40 MP: 3/3
  1630 | D:3      | Found a stormy altar of Qazlal.
  1760 | D:3      | Found Deiqeoka's Weapon Boutique.
  1798 | D:3      | Found a hazy altar of Hepliaklqana.
  1874 | D:3      | Reached skill level 5 in Long Blades
  1941 | D:3      | XOM: confuse monster(s)
  1944 | D:3      | Found a basalt altar of Yredelemnul.
  2069 | D:3      | XOM: cloud trail
  2263 | D:3      | XOM: cloud trail
  2316 | D:4      | Noticed dertzug's ghost (amateur AtFi)
  2332 | D:4      | Found a runed translucent door.
  2470 | D:4      | Reached XP level 5. HP: 47/47 MP: 4/4
  2509 | D:4      | Noticed a phantom
  2510 | D:4      | XOM: potion effect (brilliance)
  2526 | D:4      | Killed a phantom
  2607 | D:4      | HP: 1/105 [gnoll/+0 halberd (13)]
  2608 | D:4      | Slain by a gnoll

Illustrated notes

Levels and vault maps discovered:
D:1:      onia_arrival_pyramid, layout_loops_ring, basic_ecumenical_altar
D:2:      layout_loops_ring, basic_altar, minmay_cut_off
D:3:      layout_loops_ring, lemuel_zombie_altar_yredelemnul,
          nzn_hepliaklqana_mist_gate, lemuel_tele_altar, serial_shops,
          nicolae_shop_competitors_out_of_business
D:4:      layout_rooms, hellmonk_ghost_happy_afterlife, nicolae_letterblocks
          [nicolae_letter_subblock, nicolae_letter_subblock,
          nicolae_letter_subblock, nicolae_letter_subblock,
          nicolae_letter_subblock, nicolae_letter_subblock,
          nicolae_letter_subblock, nicolae_letter_subblock,
          nicolae_letter_subblock, nicolae_letter_subblock,
          nicolae_letter_subblock, nicolae_letter_subblock,
          nicolae_letter_subblock, nicolae_letter_subblock,
          nicolae_letter_subblock, nicolae_letter_subblock,
          nicolae_letter_subblock, nicolae_letter_subblock,
          nicolae_letter_subblock, nicolae_letter_subblock,
          nicolae_letter_subblock, nicolae_letter_subblock,
          nicolae_letter_subblock, nicolae_letter_subblock,
          nicolae_letter_subblock]

Skill      XL: |  1  2  3  4 |
---------------+-------------+-----
Long Blades    | 4 5 |  5.8
Fighting       | 4 |  4.8
Armour         | 3 |  3.9
Dodging        | 2 |  2.8

Action                     |  1- 3 |  4- 6 || total
---------------------------+-------+-------++-------
  Melee: Falchion          |   114 |    80 ||   194
         Headbutt          |    10 |    12 ||    22
         Punch             |     1 |       ||     1
    Use: Potion            |       |     3 ||     3
   Stab: Paralysed         |     1 |     1 ||     2
 Armour: Leather armour    |    43 |       ||    43
         Chain mail        |    37 |    73 ||   110
         Skin              |       |     7 ||     7
  Dodge: Dodged            |    66 |    30 ||    96
